 Dungeon Crawl Stone Soup version 0.16-a0-3728-gc6b4a4b (console) character file.

25 MrRokkomies the Sneak (level 3, 0/21 HPs)
             Began as an Octopode Enchanter on Jan 22, 2015.
             Slain by a rat (3 damage)
             ... on level 2 of the Dungeon.
             The game lasted 00:04:11 (1354 turns).

MrRokkomies the Sneak (Octopode Enchanter)          Turns: 1354, Time: 00:04:11

Health: 0/21       AC:  6    Str:  7    XL:     3   Next: 6%
Magic:  6/6        EV: 12    Int: 18    God:
Gold:   143        SH:  0    Dex: 12    Spells: 2 memorised, 3 levels left

rFire  . . .     SeeInvis .     a - +2 dagger (protect)
rCold  . . .     Clarity  .     (no shield)
rNeg   . . .     SustAb   .     (helmet restricted)
rPois  .         Gourm    .     b - amulet of rage
rElec  .         Spirit   .     (no ring)
rCorr  .         Warding  .     (no ring)
rMut   .         Stasis   .     (no ring)
MR     .....                    (no ring)
Stlth  ++++......               (no ring)
                                (no ring)
                                (no ring)
                                (no ring)

@: not resistant to hostile enchantments, stealthy
A: almost no armour, amphibious, 8 rings, constrict 8, camouflage 1, gelatinous
body 1
a: Evoke Berserk Rage


You were on level 2 of the Dungeon.
You were very hungry.

You visited 1 branch of the dungeon, and saw 2 of its levels.

You collected 143 gold pieces.

Inventory:

Hand weapons
 a - a +2 dagger of protection (weapon)
Missiles
 g - 17 stones (quivered)
Jewellery
 b - an amulet of rage (around mantle)
 h - an uncursed amulet of resist mutation
Magical devices
 e - a wand of fireball (7)
 k - a wand of enslavement (18)
Scrolls
 j - a scroll of blinking
Potions
 o - a potion of heal wounds
Books
 c - a book of Maledictions

   Spells                             Type                      Level
   a - Corona                         Hexes                        1
   b - Sure Blade                     Hexes/Charms                 2
   c - Ensorcelled Hibernation        Hexes/Ice                    2
   d - Confuse                        Hexes                        3
   e - Dazzling Spray                 Conjuration/Hexes            3
   f - Enslavement                    Hexes                        4
Comestibles
 d - 3 bread rations
 f - 2 slices of pizza
 n - 4 fruits


   Skills:
 * Level 2.0 Short Blades
 - Level 2.0 Dodging
 + Level 4.2 Stealth
 - Level 2.0 Spellcasting
 * Level 3.5 Hexes


You had 3 spell levels left.
You knew the following spells:

 Your Spells              Type           Power        Failure   Level  Hunger
a - Corona                Hex            ##.....      4%          1    #......
b - Ensorcelled Hibernat  Hex/Ice        #.....       14%         2    ###....


Dungeon Overview and Level Annotations

Branches:
Dungeon (2/15)

Altars:
Okawaru


Innate Abilities, Weirdness & Mutations

You cannot wear most types of armour.
You are amphibious.
You can wear up to eight rings at the same time.
You can use your tentacles to constrict many enemies at once.
Your skin changes colour to match your surroundings (Stealth).
Your rubbery body absorbs attacks (AC +1).


Message History

Your magical contamination has completely faded away.
You see here a giant newt skeleton.
There is a stone staircase leading up here.
You climb upwards.
There is a stone staircase leading down here.
You start resting.
Magic restored.
You start resting.
You are feeling very hungry.
You start resting.
You start resting.
HP restored.
You climb downwards.
The gnoll hits you from afar with a halberd!
The rat barely misses you. x2
There is a stone staircase leading up, spattered with blood here.
The gnoll hits you from afar with a halberd!
* * * LOW HITPOINT WARNING * * *
The rat bites you.
You die...

######### #####.......#
#......####.#
#.###..####.#
######.#.........#
.........#..#.##.#
..#.##.###..#.##@####
..#.......รท...g.r...#
....#..###.#####.##.###
..#.#..# #.#####.##...#
..#.#..###.......####.#
.......#.......######.####
..#....#.......# #.......#
.......#.......###.##.##.#
..#............#...##.##.#


You could see a gnoll and a rat.

Vanquished Creatures
  A gnoll (D:2)
  A giant gecko (D:2)
  A bat (D:2)
  3 goblins
  3 hobgoblins (D:1)
  2 kobolds (D:1)
  3 giant newts
  2 rats
16 creatures vanquished.

Notes
Turn   | Place    | Note
--------------------------------------------------------------
     0 | D:1      | MrRokkomies, the Octopode Enchanter, began the quest for the Orb.
     0 | D:1      | Reached XP level 1. HP: 11/11 MP: 3/3
   536 | D:1      | Found an iron altar of Okawaru.
   547 | D:1      | Reached XP level 2. HP: 17/17 MP: 4/4
   577 | D:1      | Learned a level 2 spell: Ensorcelled Hibernation
  1105 | D:2      | Reached XP level 3. HP: 21/21 MP: 0/6
  1354 | D:2      | Slain by a rat

Action                   || total
-------------------------++-------
Melee: Dagger            ||    24
 Cast: Ensorcelled Hiber ||     2
  Use: Scroll            ||     8
 Stab: Sleeping          ||     6
